 Dungeon Crawl Stone Soup version 0.31-a0-210-gccc998df9b (webtiles) character file.

Game seed: 12825805322273369785

143 qw the Shooter (level 5, -2/44 HPs)
             Began as a Minotaur Hexslinger on June 30, 2023.
             Slain by a gnoll
             ... wielding a +0 spear
             ... led by a gnoll bouda
              (3 damage)
             ... on level 4 of the Dungeon.
             The game lasted 00:00:54 (1990 turns).

qw the Shooter (Minotaur Hexslinger)                Turns: 1990, Time: 00:00:55

Health: -2/44      AC:  5    Str: 12    XL:     5   Next: 4%
Magic:  5/5        EV: 11    Int: 10    God:
Gold:   45         SH:  0    Dex: 21    Spells: 5/6 levels left

rFire   . . .        g - +2 sling (heavy)
rCold   . . .        (no shield)
rNeg    . . .        d - +0 ring mail
rPois   .            (helmet restricted)
rElec   .            (no cloak)
rCorr   .            (no gloves)
SInv    .            (no boots)
Will    .....        (no amulet) Stlth
                     f - +6 ring of dexterity
HPRegen 0.27/turn    (no ring)
MPRegen 0.09/turn

%: no passive effects
@: confused
A: horns 2, retaliatory headbutt
a: no special abilities


You were on level 4 of the Dungeon.
You visited 1 branch of the dungeon, and saw 3 of its levels.

You collected 45 gold pieces.


Innate Abilities, Weirdness & Mutations

You have a pair of horns on your head.
You reflexively headbutt those who attack you in melee.


   Skills:
 + Level 2.8 Fighting
 - Level 5.0 Ranged Weapons
 - Level 1.4 Armour
 - Level 2.1 Dodging
 - Level 1.0 Spellcasting
 - Level 2.0 Hexes


You had 5 spell levels left.
You knew the following spells:

 Your Spells              Type           Power      Damage    Failure   Level
a - Slow                  Hex            16%        N/A       32%         1

Your spell library contained the following spells:

 Spells                   Type           Power      Damage    Failure   Level
 Inner Flame              Hex/Fire       2%         N/A       83%         3
 Portal Projectile        Hex/Tloc       4%         N/A       83%         3
 Cause Fear               Hex            2%         N/A       97%         4

Inventory:

Hand Weapons
 g - a +2 heavy sling (weapon)
Armour
 d - a +0 ring mail (worn)
Jewellery
 f - a +6 ring of dexterity (left hand)
Scrolls
 a - a scroll of identify
 h - a scroll of teleportation
Potions
 e - a potion of degeneration {unknown}
 i - a potion of enlightenment

Dungeon Overview and Level Annotations

Branches:
Dungeon (2/15)

Altars:


Message History

You hear a shout!
The goblin hits you but does no damage. Something hits you.
The gnoll bouda misses you. The goblin barely misses you.
You hear some strange, mumbled words.
A puff of flame appears from out of thin air!
The puff of flame misses you. The gnoll bouda barely misses you.
You shoot a sling bullet. The sling bullet hits the gnoll bouda!
You kill the gnoll bouda!
The goblin hits you with a +0 dagger.
You hear some strange, mumbled words.
You are confused.
An orc comes into view. It is wielding a +0 dagger.
The goblin completely misses you.
You hear some strange, mumbled words.
You are more confused.
The gnoll hits you but does no damage. The gnoll hits you with a +0 flail.
You have reached level 5!
The goblin hits you with a +0 dagger. Something hits you but does no damage.
The gnoll closely misses you. The gnoll completely misses you.
The gnoll is no longer moving quickly. x2
A gnoll comes into view.
It is wielding a +0 halberd of distortion.
The goblin barely misses you. Something hits you.
The gnoll hits you with a +0 flail.
The gnoll hits you from afar with a +0 spear.
The gnoll is no longer moving quickly.
The goblin barely misses you.
An orc comes into view. It is wielding a +0 hand axe.
Something barely misses you. The gnoll closely misses you.
The gnoll hits you but does no damage. The gnoll barely misses you.
The orc shouts!
The goblin closely misses you. Something hits you.
The gnoll hits you but does no damage.
The gnoll hits you from afar with a +0 spear.
The gnoll misses you. The goblin closely misses you.
An orc wizard comes into view. It is wielding a +0 dagger.
You hear some strange, mumbled words.
A magic dart appears from out of thin air!
The magic dart hits you. The gnoll barely misses you.
The gnoll hits you from afar with a +0 spear.
You die...

##............
.............
.o..........
.........#
........#.
#.........
##g........
#o{@..g....
...<..gg)..#...
...o##.g###....
.## #... ...
..#. . ... ..
#.. .# #.. ##


You could see an orc wizard (wandering), 4 gnolls, 2 orcs and a goblin.

Vanquished Creatures
  A gnoll bouda (D:4)
  A gnoll (D:2)
  2 adders (D:2)
  An ufetubus (D:4)
  2 worms (D:2)
  3 dart slugs
  An orc (D:4)
  6 ball pythons
  7 endoplasms
  2 giant cockroaches
  4 hobgoblins
  6 jackals (D:1)
  2 quokkas (D:1)
  3 bats
  5 frilled lizards
  7 goblins
  5 kobolds
  8 rats
66 creatures vanquished.

Notes
Turn   | Place    | Note
-------+----------+-------------------------------------------
     0 | D:1      | qw the Minotaur Hexslinger began the quest for the Orb.
     0 | D:1      | Reached XP level 1. HP: 16/16 MP: 1/1
     0 | D:1      | 0 ||| qw: Version: 0.3-a-26-gee661ec
     0 | D:1      | 0 ||| qw: Game counter: 7193
     0 | D:1      | 0 ||| qw: Melee chars always use a shield: true
     0 | D:1      | 0 ||| qw: God list: Okawaru
     0 | D:1      | 0 ||| qw: Allow faded altars: false
     0 | D:1      | 0 ||| qw: Do Orc after clearing Dungeon:15 true
     0 | D:1      | 0 ||| qw: Do second Lair branch before Depths: true
     0 | D:1      | 0 ||| qw: Lair rune preference: random
     0 | D:1      | 0 ||| qw: Goals: Normal
     0 | D:1      | 0 ||| PLANNING D:1-11
   123 | D:1      | Reached skill level 3 in Ranged Weapons
   123 | D:1      | Reached XP level 2. HP: 7/23 MP: 2/2
   306 | D:1      | 306 ||| FLEEEEING.
   308 | D:1      | 308 ||| FLEEEEING.
   309 | D:1      | 309 ||| FLEEEEING.
   310 | D:1      | 310 ||| FLEEEEING.
   311 | D:1      | 311 ||| FLEEEEING.
   312 | D:1      | 312 ||| FLEEEEING.
   313 | D:1      | 313 ||| FLEEEEING.
   314 | D:1      | 314 ||| FLEEEEING.
   315 | D:1      | 315 ||| FLEEEEING.
   316 | D:1      | 316 ||| FLEEEEING.
   606 | D:1      | Reached XP level 3. HP: 26/29 MP: 3/3
   762 | D:1      | Found a faded altar of an unknown god.
   947 | D:1      | 947 ||| UPGRADING to +0 ring mail.
   957 | D:1      | 957 ||| DROPPING +0 robe.
   958 | D:1      | 958 ||| READING 4 scrolls labelled CECA UNGYJEO.
   959 | D:1      | 959 ||| READING scroll labelled SALONOEPEUJ.
  1060 | D:1      | 1060 ||| DRINKING 2 golden potions.
  1061 | D:1      | 1061 ||| READING 3 scrolls of identify.
  1061 | D:1      | 1061 ||| IDENTIFYING pink potion
  1062 | D:1      | 1062 ||| READING 2 scrolls of identify.
  1062 | D:1      | 1062 ||| IDENTIFYING fuming amethyst potion
  1063 | D:1      | 1063 ||| DROPPING scroll of poison.
  1064 | D:1      | 1064 ||| DROPPING potion of berserk rage.
  1065 | D:1      | 1065 ||| DROPPING potion of brilliance.
  1152 | D:2      | Reached skill level 4 in Ranged Weapons
  1291 | D:2      | Reached skill level 1 in Armour
  1467 | D:2      | Reached XP level 4. HP: 34/36 MP: 4/4
  1579 | D:2      | 1579 ||| SWAPPING to +2 heavy sling.
  1580 | D:2      | 1580 ||| DROPPING +1 sling.
  1722 | D:2      | HP: 8/36 [gnoll/+0 flail (7)]
  1830 | D:2      | You fall into a shaft and drop 2 floors!
  1851 | D:4      | HP: 9/36 [ufetubus (4)]
  1955 | D:4      | 1955 ||| DROPPING amulet of magic regeneration.
  1956 | D:4      | 1956 ||| UPGRADING to +6 ring of dexterity.
  1957 | D:4      | 1957 ||| READING scroll labelled DEPPOC HACH.
  1958 | D:4      | 1958 ||| READING 2 scrolls labelled ZOEXOR TOGHE.
  1963 | D:4      | 1963 ||| READING scroll labelled INUBRITIEH.
  1964 | D:4      | 1964 ||| READING scroll labelled JOISIPNEPY.
  1965 | D:4      | 1965 ||| READING scroll labelled HORARO TAMEH.
  1982 | D:4      | Reached skill level 5 in Ranged Weapons
  1986 | D:4      | Reached XP level 5. HP: 18/44 MP: 5/5
  1987 | D:4      | HP: 11/44 [gnoll/+0 flail[a gnoll bouda] (4)]
  1989 | D:4      | HP: 4/44 [gnoll/+0 spear[a gnoll bouda] (2)]
  1990 | D:4      | HP: 1/44 [something/magic dart (3)]
  1990 | D:4      | Slain by a gnoll

Levels and vault maps discovered:
D:1:      amcnicky_arrival_abandoned_market, layout_loops_ring,
          dreamdust_ecumenical_altar_statues, st_stairs_6
D:2:      layout_basic, kennysheep_generic_room_5
D:4:      layout_cave_pools, lemuel_round_altar

Skill      XL: |  1  2  3  4 |
---------------+-------------+-----
Ranged Weapons | 3 4 5 |  5.0
Fighting       | 2 |  2.8
Armour         | 1 |  1.4
Dodging        | |  2.1
Spellcasting   | |  1.0
Hexes          | |  2.0

Action                     |  1- 3 |  4- 6 || total
---------------------------+-------+-------++-------
   Fire: Sling             |   156 |    43 ||   199
    Use: Scroll            |     4 |     5 ||     9
         Potion            |     1 |       ||     1
 Armour: Robe              |     7 |       ||     7
         Ring mail         |    10 |    23 ||    33
  Dodge: Dodged            |    62 |    37 ||    99

Table legend:
 A = Non-vault XP
 B = Vault XP
 C = Vault XP percentage of total XP
 D = Non-vault monster count
 E = Vault monster count
 F = Vault count percentage of total count
                 A         B        C        D         E       F
            +---------+---------+-------+---------+---------+-------
      Total |     198 |       7 |   3.4 |      62 |       4 |   6.1
            +---------+---------+-------+---------+---------+-------
        D:1 |      54 |       1 |   1.8 |      31 |       1 |   3.1
        D:2 |      84 |       6 |   6.7 |      23 |       3 |  11.5
        D:4 |      60 |       0 |   0.0 |       8 |       0 |   0.0
            +---------+---------+-------+---------+---------+-------
